AoeStats
← UGodALouSass

Arena

504131021Analyzed
2v2 RM · 28d ago on Sep 4, 2026· 41m 55s· 4 players
Game mode
Random Map
Map size
Medium (4 player)
Population
200
Speed
Normal
Resources
Standard
Victory
Conquest
Starting age
Dark Age
Ending age
Imperial Age
RankedLock teamsTeams togetherTeam positionsShared explorationLock speedFull tech treeHidden civsTurbo modeCheats
Victory
Defeat
🇵🇪 Burmese · Peru
907
+17
🇵🇪 Bohemians · Peru
864
+19
🇺🇸 Hindustanis · United States
1041
-24
🇺🇸 Khmer · United States
804
-12
abcdEdwin
9:35 Feudal Age
18:49 Castle Age
18:10 Stone Mining
20:23 Loom
23:19 Horse Collar
27:07 Heavy Plow
31:03 Imperial Age
28:56 Town Watch
29:47 Wheelbarrow
32:56 Chemistry
32:16 Ballistics
35:06 Bloodlines
34:16 Light Cavalry
35:03 Scale Barding Armor
34:49 Fletching
35:17 Padded Archer Armor
36:38 Crop Rotation
37:11 Elite Arambai
39:13 Manipur Cavalry
40:08 Chain Barding Armor
Templario_123_1
0:26 Loom
12:21 Feudal Age
17:00 Castle Age
14:57 Double-Bit Axe
14:58 Horse Collar
19:24 Wheelbarrow
19:49 Bow Saw
25:06 Squires
26:12 Pikeman
28:10 Heavy Plow
29:38 Hand Cart
32:46 Imperial Age
30:40 Ballistics
30:14 Fletching
30:55 Padded Archer Armor
30:53 Murder Holes
31:56 Leather Archer Armor
32:02 Town Watch
32:27 Wagenburg Tactics
32:47 Bodkin Arrow
34:22 Caravan
34:53 Coinage
34:27 Town Patrol
34:33 Scale Mail Armor
35:49 Conscription
35:15 Halberdier
35:25 Elite Skirmisher
38:03 Hussite Reforms
38:36 Husbandry
37:57 Light Cavalry
38:39 Cavalier
40:37 Onager
E1jefe28
0:28 Loom
11:23 Feudal Age
18:26 Castle Age
16:32 Double-Bit Axe
16:32 Horse Collar
24:29 Heavy Plow
24:42 Bow Saw
25:43 Wheelbarrow
30:12 Gold Mining
34:42 Imperial Age
36:29 Chemistry
35:37 Heavy Camel Rider
38:30 Shatagni
41:01 Thumb Ring
UGodALouSass
11:59 Feudal Age
15:55 Horse Collar
17:58 Wheelbarrow
21:32 Castle Age
23:00 Hand Cart
22:49 Double-Bit Axe
27:11 Gold Mining
28:54 Bow Saw
28:50 Heavy Plow
30:09 Gold Shaft Mining
33:37 Imperial Age
34:27 Light Cavalry
Connection lost

Rejoining the realm…

Still unreachable

The connection could not be restored.

Session expired

The server has moved on; the page needs a fresh start.